 Dungeon Crawl Stone Soup version 0.21-a0-525-ga34b322 (webtiles) character file.

3845 Amnesiac the Archer (level 9, -6/71 HPs)
             Began as a Mummy Hunter on Dec 7, 2017.
             Was an Elder of Okawaru.
             Mangled by a yak (15 damage)
             ... on level 7 of the Dungeon.
             The game lasted 00:16:14 (8773 turns).

Amnesiac the Archer (Mummy Hunter)                  Turns: 8773, Time: 00:16:15

Health: -6/71      AC:  8    Str: 22    XL:     9   Next: 98%
Magic:  10/10      EV: 15    Int: 19    God:    Okawaru [****..]
Gold:   0          SH:  0    Dex: 15    Spells: 8/8 levels left

rFire    x x .     SeeInvis .   a - +2 shortbow
rCold    + . .     Gourm    .   (shield currently unavailable)
rNeg     + + +     Faith    .   r - +3 leather armour of Juban {rElec rF- Int+5 Dex+3}
rPois    ∞         Spirit   .   t - +1 helmet {Int+3}
rElec    +         Reflect  .   (no cloak)
rCorr    .         Harm     .   (no gloves)
MR       +....                  (no boots)
Stlth    +.........             (no amulet)
HPRegen  0.21/turn              j - +4 ring of strength
MPRegen  0.12/turn              y - ring of positive energy

@: about to teleport
A: no food or potions, fire vulnerability, cold resistance 1, negative energy
resistance 3, torment resistance, unbreathing
a: Heroism, Renounce Religion


You were on level 7 of the Dungeon.
You worshipped Okawaru.
Okawaru was greatly pleased with you.
You were not hungry.

You visited 2 branches of the dungeon, and saw 9 of its levels.
You also visited: Sewer and Ossuary.

Inventory:

Hand Weapons
 a - a +2 shortbow (weapon)
 n - a +0 blowgun
Missiles
 d - 74 arrows (quivered)
 f - 29 sling bullets
 i - 182 stones
 m - 14 poisoned needles
Armour
 g - a +0 chain mail
 r - the +3 leather armour of Juban (worn) {rElec rF- Int+5 Dex+3}
   (You found it on level 4 of the Dungeon)

   It affects your intelligence (+5).
   It affects your dexterity (+3).
   It makes you vulnerable to fire.
   It insulates you from electricity.
 t - a +1 helmet of intelligence (worn)
Jewellery
 j - a +4 ring of strength (left hand)
 y - a ring of positive energy (right hand)
Wands
 c - a wand of polymorph (12)
 u - a wand of iceblast (10)
Scrolls
 e - 7 scrolls of enchant weapon {!r}
 h - 2 scrolls of immolation {!r}
 k - 5 scrolls of teleportation {!r}
 o - 6 scrolls of remove curse {!r}
 p - 7 scrolls of fog {!r}
 q - 6 scrolls of magic mapping {!r}
 s - a scroll of torment {!r, unknown}
 v - a scroll of enchant armour {!r, unknown}
 x - a scroll of identify {!r}
Books
 w - a book of Air

   Spells                             Type                      Level
   a - Shock                          Conjuration/Air              1
   b - Swiftness                      Charms/Air                   2
   c - Static Discharge               Conjuration/Air              3
   d - Airstrike                      Air                          4
   e - Lightning Bolt                 Conjuration/Air              5


   Skills:
 + Level 6.5 Fighting
 * Level 8.2 Bows
 + Level 5.4 Armour
 + Level 5.4 Dodging
 - Level 0.7 Stealth
 + Level 1.7 Invocations


You had 8 spell levels left.
You didn't know any spells.

Dungeon Overview and Level Annotations

Branches:
Dungeon (8/15)             Temple (1/1) D:4
   Lair: D:8-11

Altars:
Ashenzari
Dithmenos
Elyvilon
Fedhas
Gozag
Hepliaklqana
Makhleb
Nemelex Xobeh
Okawaru
Ru
Sif Muna
Trog
Uskayaw
Vehumet
Wu Jian
Xom
Yredelemnul
Zin
The Shining One

Shops:
D:2 *

Annotations:
D:7 Maurice


Innate Abilities, Weirdness & Mutations

You do not eat or drink.
Your flesh is vulnerable to fire.
You are immune to poison.
Your flesh is cold resistant. (rC+)
You are immune to negative energy. (rN+++)
You are immune to unholy pain and torment.
You can survive without breathing.


Message History

Aim: a yak You shoot an arrow.
The arrow closely misses the yak.
The arrow hits the black bear.
The black bear is lightly wounded.
Something barely misses you. The yak gores you but does no damage.
Firing (i - inventory. (,) - cycle):
d - 80 arrows (quivered)
Press: ? - help, Shift-Dir - straight line, f/p - yak
Aim: a yak You shoot an arrow.
The arrow hits the yak.
The yak is lightly wounded.
Something hits you but does no damage. The yak barely misses you.
Firing (i - inventory. (,) - cycle):
d - 79 arrows (quivered)
Press: ? - help, Shift-Dir - straight line, f/p - yak
Aim: a yak (lightly wounded)
You shoot an arrow. The arrow barely misses the yak.
The arrow barely misses the black bear.
Something hits you.
* * * LOW HITPOINT WARNING * * *
Something steals your 2 scrolls labeled VOSKAA WITEMAE {!r}!
The yak gores you.
* * * LOW HITPOINT WARNING * * *
Firing (i - inventory. (,) - cycle):
d - 78 arrows (quivered)
Press: ? - help, Shift-Dir - straight line, f/p - yak
Aim: a yak (lightly wounded)
You shoot an arrow. The arrow hits the yak!
The yak is heavily wounded.
Something hits you.
* * * LOW HITPOINT WARNING * * *
Something steals 31 of your 60 sling bullets!
The yak gores you but does no damage.
Firing (i - inventory. (,) - cycle):
d - 77 arrows (quivered)
Press: ? - help, Shift-Dir - straight line, f/p - yak
Aim: a yak (heavily wounded)
You shoot an arrow. The arrow barely misses the yak.
The arrow closely misses the black bear.
Firing (i - inventory. (,) - cycle):
d - 76 arrows (quivered)
Press: ? - help, Shift-Dir - straight line, f/p - yak
Aim: a yak (heavily wounded)
You shoot an arrow. The arrow closely misses the yak.
The arrow hits the black bear!
The black bear is heavily wounded.
The yak gores you.
* * * LOW HITPOINT WARNING * * *
Something hits you.
* * * LOW HITPOINT WARNING * * *
Something steals 318 gold pieces!
You now have 0 gold pieces.
Firing (i - inventory. (,) - cycle):
d - 75 arrows (quivered)
Press: ? - help, Shift-Dir - straight line, f/p - yak
Aim: a yak (heavily wounded)
You shoot an arrow. The arrow hits the yak!
The yak is severely wounded.
The yak gores you!
* * * LOW HITPOINT WARNING * * *
Something hits you.
* * * LOW HITPOINT WARNING * * *
Something steals your +1 dagger of draining!
You are too injured to fight recklessly!
You are too injured to fight recklessly!
You can't drink.
Unknown command.
Okay, then.
Really read
k - 6 scrolls of teleportation {!r}?
As you read the scroll of teleportation {!r}, it crumbles to dust.
You feel strangely unstable. The yak gores you!
You die...

#.............##########
..............#...##...##
...<......#.........%...##
##.......................#
.....######......#####...#
#...###..####..<##...##..#
..#..##..#####)##.....####
#..#...!...(.>{#.......#
.........#####hY@.._...#
....#....#######.......#
.......#....#####.....##
....(....##....###...##
.>.....#.#####.#######
.........### #..##
.#.........####..#
.##.)..##...# ##.#
###################


You could see a yak and a black bear.

Vanquished Creatures
  Grinder (D:6)
  A human (D:7)
  A yak (D:7)
  A wraith (Ossuary)
  3 hogs (D:7)
  A naga (D:7)
  Menkaure (D:7)
  A water moccasin (D:8)
  Duvessa (D:4)
  A phantom (D:4)
  2 ogres
  An ice beast (D:6)
  2 centaurs (D:6)
  A crocodile (D:8)
  3 bullfrogs
  Blork the orc (D:5)
  Dowan (D:4)
  A wyvern skeleton (D:4)
  3 killer bees
  An electric eel (D:6)
  5 howler monkeys
  A bullfrog zombie (D:2)
  A centaur zombie (D:7)
  6 orc priests
  2 hounds
  A jelly (D:5)
  A centaur skeleton (D:6)
  A bullfrog skeleton (D:7)
  2 iguanas
  3 orc wizards
  2 worker ants (D:7)
  A killer bee zombie (D:7)
  A mummy (Ossuary)
  A howler monkey zombie (D:6)
  19 adders
  3 gnolls
  4 river rats
  2 oozes (Sewer)
  2 adder skeletons
  2 worms (D:2)
  3 dart slugs
  4 leopard geckos
  22 orcs
  9 ball pythons
  5 giant cockroaches
  10 goblins
  7 hobgoblins
  13 jackals
  9 kobolds
  2 quokkas (D:3)
  8 bats
  11 frilled lizards
  9 gnoll skeletons (Ossuary)
  3 kobold skeletons (Ossuary)
  A leopard gecko skeleton (D:2)
  A leopard gecko zombie (D:5)
  13 orc skeletons (Ossuary)
  39 rats
  A plant (D:6)
258 creatures vanquished.

Notes
Turn   | Place    | Note
-------+----------+-------------------------------------------
     0 | D:1      | Amnesiac the Mummy Hunter began the quest for the Orb.
     0 | D:1      | Reached XP level 1. HP: 16/16 MP: 1/1
   210 | D:1      | Reached skill level 1 in Armour
   276 | D:1      | Reached XP level 2. HP: 19/22 MP: 2/2
   837 | D:1      | Reached XP level 3. HP: 24/27 MP: 3/3
  1499 | D:3      | Reached XP level 4. HP: 28/34 MP: 4/4
  1639 | D:2      | Reached skill level 4 in Bows
  1696 | D:3      | Reached XP level 5. HP: 39/39 MP: 5/5
  2144 | D:4      | Found a staircase to the Ecumenical Temple.
  2144 | D:4      | Noticed an ogre
  2176 | D:4      | Killed an ogre
  2182 | D:4      | Reached XP level 6. HP: 29/47 MP: 6/6
  2215 | Temple   | Entered the Ecumenical Temple
  2544 | Temple   | Became a worshipper of Warmaster Okawaru
  3090 | D:2      | Found a shadowy altar of Dithmenos.
  3105 | D:2      | Found Gozag's Platinum Reserve.
  3110 | D:2      | Found an opulent altar of Gozag.
  3458 | D:4      | Noticed Dowan
  3459 | D:4      | Noticed Duvessa
  3473 | D:4      | Killed Duvessa
  3473 | D:4      | Reached * piety under Okawaru
  3473 | D:4      | Reached skill level 5 in Bows
  3473 | D:4      | Reached XP level 7. HP: 46/53 MP: 7/7
  3478 | D:4      | Killed Dowan
  3543 | D:4      | Got a slimy leather armour
  3730 | D:3      | Found an iron altar of Okawaru.
  3907 | D:4      | Found a glowing golden altar of the Shining One.
  4181 | D:4      | Found a burning altar of Makhleb.
  4226 | D:5      | Entered Level 5 of the Dungeon
  4237 | D:5      | Identified the +3 leather armour of Juban {rElec rF- Int+5 Dex+3} (You found it on level 4 of the Dungeon)
  4647 | D:5      | Noticed Blork the orc
  4658 | D:5      | Killed Blork the orc
  4665 | D:5      | Found a deep blue altar of Sif Muna.
  4889 | D:6      | Reached XP level 8. HP: 48/61 MP: 8/8
  4893 | D:6      | Reached skill level 6 in Bows
  5069 | D:6      | Reached ** piety under Okawaru
  5213 | D:6      | Found a glowing drain.
  5232 | Sewer    | Entered a sewer
  5539 | Sewer    | Reached skill level 5 in Fighting
  5727 | D:6      | Noticed Grinder
  5776 | D:6      | Killed Grinder
  6513 | D:7      | HP: 3/63 [killer bee (1)]
  6514 | D:7      | Reached skill level 7 in Bows
  6522 | D:7      | Reached XP level 9. HP: 4/68 MP: 9/9
  6714 | D:7      | Found a basalt altar of Yredelemnul.
  6761 | D:7      | Found a sand-covered staircase.
  6769 | Ossuary  | Entered an ossuary
  7156 | Ossuary  | Reached *** piety under Okawaru
  7355 | D:7      | Reached skill level 5 in Armour
  7359 | D:7      | Reached skill level 5 in Dodging
  7859 | D:7      | Reached **** piety under Okawaru
  7866 | D:7      | Reached skill level 1 in Invocations
  8104 | D:7      | Found a glowing silver altar of Zin.
  8119 | D:7      | Noticed Menkaure
  8126 | D:7      | Killed Menkaure
  8126 | D:7      | Reached skill level 8 in Bows
  8731 | D:8      | Noticed an elephant
  8754 | D:8      | Noticed Maurice
  8773 | D:7      | Mangled by a yak

Vault maps used:
D:1:      minmay_arrival_hallway, serial_park_tiny_1,
          hangedman_decor_clover_reticule
D:2:      nicolae_dithmenos_through_a_glass_darkly,
          nicolae_gozag_zags_fifth_avenue, first_bread
D:3:      lemuel_upstairs_altar
D:4:      nicolae_tso_swordbearing_angel, kennysheep_mini,
          minmay_temple_entry_purple_smoke, kennysheep_potato, uniq_duvessa
D:5:      tgw_sif, minmay_misc_feat_alley
D:6:      portal_sewer_entry_b, serial_bayou_lagoon_a, uniq_grinder
D:7:      lemuel_coloured_pillars_altar, lemuel_round_altar,
          nicolae_ossuary_entry_monument, grunt_livestock, uniq_menkaure
D:8:      lemuel_doored_altar, david_lair_generic, uniq_grum, uniq_maurice
Temple:   minmay_temple_forest_path
Sewer:    sewer_minmay_w
Ossuary:  ossuary_due_mausoleum

Skill      XL: |  1  2  3  4  5  6  7  8  9 |
---------------+----------------------------+-----
Armour         | 1 2 3 4 5 |  5.4
Dodging        | 2 3 4 5 |  5.4
Bows           | 4 5 7 8 |  8.2
Fighting       | 3 4 5 6 |  6.5
Invocations    | 1 |  1.7
Stealth        | |  0.7

Action                   |  1- 3 |  4- 6 |  7- 9 || total
-------------------------+-------+-------+-------++-------
Melee: Short sword       |   167 |       |   164 ||   331
       Dagger            |       |       |    50 ||    50
       Shortbow          |       |       |     1 ||     1
 Fire: Shortbow          |    21 |   202 |   472 ||   695
       Blowgun           |       |    32 |       ||    32
Throw: Stone             |       |     1 |       ||     1
Evoke: Wand              |       |       |     2 ||     2
  Use: Scroll            |       |       |    13 ||    13
Armor: Leather armour    |    12 |       |   134 ||   146
       Chain mail        |    84 |    61 |     1 ||   146
Dodge: Dodged            |    74 |    50 |   367 ||   491

Table legend:
 A = Spawn XP
 B = Non-spawn XP
 C = Spawn XP percentage of total XP
 D = Spawn monster count
 E = Non-spawn monster count
 F = Spawn count percentage of total count
 G = Total turns spent on level
                    A         B        C        D         E        F      G
               +---------+---------+-------+---------+---------+-------+---------
         Total |       0 |    5494 |   0.0 |       0 |     257 |   0.0 |  8773
               +---------+---------+-------+---------+---------+-------+---------
           D:1 |       0 |      51 |   0.0 |       0 |      29 |   0.0 |  1253
           D:2 |       0 |     156 |   0.0 |       0 |      20 |   0.0 |   641
           D:3 |       0 |     165 |   0.0 |       0 |      39 |   0.0 |   916
           D:4 |       0 |     750 |   0.0 |       0 |      24 |   0.0 |  1039
           D:5 |       0 |     244 |   0.0 |       0 |      12 |   0.0 |   675
           D:6 |       0 |    1072 |   0.0 |       0 |      21 |   0.0 |  1589
           D:7 |       0 |    2193 |   0.0 |       0 |      35 |   0.0 |  1362
           D:8 |       0 |     266 |   0.0 |       0 |       2 |   0.0 |    33
         Sewer |       0 |     360 |   0.0 |       0 |      48 |   0.0 |   376
       Ossuary |       0 |     237 |   0.0 |       0 |      27 |   0.0 |   512
               +---------+---------+-------+---------+---------+-------+---------
